 Dungeon Crawl Stone Soup version 0.24-a0-254-gf493760 (webtiles) character file.

Game seed: 13962595729320473124

70 stalwartcrusatyr the Caller (level 4, -2/33 HPs)
             Began as a Merfolk Summoner on Apr 17, 2019.
             Slain by a gnoll
             ... wielding a +0 whip
              (6 damage)
             ... on level 2 of the Dungeon on Apr 19, 2019.
             The game lasted 00:19:20 (3008 turns).

stalwartcrusatyr the Caller (Merfolk Summoner)      Turns: 3008, Time: 00:19:21

Health: -2/33      AC:  2    Str:  8    XL:     4   Next: 21%
Magic:  6/8        EV: 14    Int: 15    God:
Gold:   123        SH:  0    Dex: 14    Spells: 5/8 levels left

rFire    . . .     SeeInvis .   l - +0 dagger
rCold    . . .     Gourm    .   (no shield)
rNeg     . . .     Faith    .   a - +0 robe
rPois    .         Spirit   .   (no helmet)
rElec    .         Reflect  .   (no cloak)
rCorr    .         Harm     .   (no gloves)
MR       .....                  (no boots)
Stlth    ++........             (no amulet)
HPRegen  0.11/turn              (no ring)
MPRegen  0.11/turn              (no ring)

@: no status effects
A: change form in water, swift swim, stealthy swim
a: no special abilities


You were on level 2 of the Dungeon.
You were not hungry.

You visited 1 branch of the dungeon, and saw 3 of its levels.

You collected 123 gold pieces.

Inventory:

Hand Weapons
 l - a +0 dagger (weapon)
Missiles
 i - 22 stones (quivered)
Armour
 a - a +0 robe (worn)
Jewellery
 b - an uncursed amulet of harm
 f - an uncursed ring of stealth {unknown}
 g - an uncursed amulet of rage {unknown}
 j - a +5 ring of strength {unknown}
Potions
 d - a potion of haste {unknown}
 k - a potion of mutation {unknown}
 o - a potion of heal wounds {unknown}
Comestibles
 c - 6 rations
 m - a chunk of flesh


   Skills:
 + Level 1.7 Fighting
 + Level 3.6 Dodging
 - Level 2.1 Stealth
 + Level 2.7 Spellcasting
 + Level 4.4 Summonings


You had 5 spell levels left.
You knew the following spells:

 Your Spells              Type           Power        Failure   Level  Hunger
a - Summon Small Mammal   Summ           ###.         3%          1    #......
b - Call Imp              Summ           ###.....     4%          2    ##.....

Your spell library contained the following spells:

 Spells                   Type           Power        Failure   Level  Hunger
 Call Canine Familiar     Summ           ###.....     10%         3    ###....
 Summon Guardian Golem    Hex/Summ       #.......     26%         3    ###....
 Summon Ice Beast         Ice/Summ       #.......     63%         4    #####..
 Summon Lightning Spire   Summ/Air       #.......     63%         4    #####..


Dungeon Overview and Level Annotations

Branches:
Dungeon (3/15)

Altars:


Message History

There is a stone staircase leading down here.
Okay, then.
Okay, then.
As you read the scroll labeled COUCSESIFE, it crumbles to dust.
It is a scroll of identify.
b - an uncursed amulet of harm The gnoll hits you with a +0 whip.
The gnoll barely misses you.
As you read the scroll labeled SETREY SIUPU, it crumbles to dust.
You feel blessed for a moment.
It was a scroll of remove curse.
The gnoll barely misses you. The gnoll misses you.
The gnoll hits you but does no damage.
As you read the scroll labeled JAOV EL UPULAQ, it crumbles to dust.
The scroll dissolves into smoke.
It was a scroll of fog.
The gnoll barely misses you. x2; The gnoll hits you with a +0 spear!
* * * LOW HITPOINT WARNING * * *
Casting: Summon Small Mammal (safe; 3% risk of failure)
Confirm with . or Enter, or press ? or * to list all spells.
A metallic apparition takes form in the air.
The gnoll hits you with a +0 whip.
You die...

#.# #.....#...##.....# #.#
##...####.####..##
#.######....# #....#)..##
......##.#..# ####......##
............# ##.......#
........##.## #........#
........##.#######........#
........##.#..§§§g.#.....##
...÷.........#§g@g§.......#
÷.............§§§§........#
.......#......§§..5.......#
..................##.....##
.....(..#.....###.###...##
........#.....#...# #####
........#.......###
........#.....###
.......##.....##


You could see 3 gnolls and a friendly iron imp.

Levels and vault maps discovered:
D:1:      ncdulo_watergridlock, layout_basic, minmay_vboxes
D:2:      layout_rooms, minmay_pentomino_u4
D:3:      layout_rooms, cheibrodos_ashenzari_chains, uniq_crazy_yiuf_cottage

Notes
Turn   | Place    | Note
-------+----------+-------------------------------------------
     0 | D:1      | stalwartcrusatyr the Merfolk Summoner began the quest for
                  | the Orb.
     0 | D:1      | Reached XP level 1. HP: 13/13 MP: 3/3
   184 | D:1      | Reached XP level 2. HP: 16/20 MP: 1/5
   475 | D:1      | Reached skill level 1 in Fighting
   891 | D:1      | Reached XP level 3. HP: 23/26 MP: 2/6
  1241 | D:1      | Upgraded the game from 0.24-a0-252-g5076262 to
                  | 0.24-a0-254-gf493760
  2243 | D:2      | Reached XP level 4. HP: 31/32 MP: 5/7
  2493 | D:3      | Noticed a big kobold
  3000 | D:2      | Learned a level 2 spell: Call Imp
  3008 | D:2      | Slain by a gnoll

Table legend:
 A = Turns spent in this place as a percentage of turns spent in the entire game.
 B = Non-inter-level travel turns spent in this place as a percentage of non-inter-level travel turns spent in the entire game.
 C = Inter-level travel turns spent in this place as a percentage of turns spent in this place.
 D = Turns resting spent in this place as a percentage of non-inter-level travel turns spent in this place.
 E = Turns spent auto-exploring this place as a percentage of non-inter-level travel turns spent in this place.
 F = Non-inter-level travel turns spent in this place divided by the number of levels of this place that you've seen.
                   A       B       C       D       E      F
               +-------+-------+-------+-------+-------+----------------------
         Total | 100.0 | 100.0 |  11.2 |  32.0 |  31.9 | 890.3
       Dungeon | 100.0 | 100.0 |  11.2 |  32.0 |  31.9 | 890.3
               +-------+-------+-------+-------+-------+----------------------

Table legend:
 A = Kills in this place as a percentage of kills in entire the game.
 B = Kills by you in this place as a percentage of kills by you in the entire game.
 C = Kills by friends in this place as a percentage of kills by friends in the entire game.
 D = Other kills in this place as a percentage of other kills in the entire game.
 E = Experience gained in this place as a percentage of experience gained in the entire game.
 F = Experience gained in this place divided by the number of levels of this place that you have seen.
                   A       B       C       D       E      F
               +-------+-------+-------+-------+-------+----------------------
         Total | 100.0 |   N/A | 100.0 |   N/A | 100.0 |  33.3
       Dungeon | 100.0 |   N/A | 100.0 |   N/A | 100.0 |  33.3
               +-------+-------+-------+-------+-------+----------------------

Action                   |  1- 3 |  4- 6 || total
-------------------------+-------+-------++-------
Melee: Dagger            |     8 |     3 ||    11
Throw: Stone             |     1 |       ||     1
 Cast: Summon Small Mamm |   104 |    21 ||   125
       Call Imp          |       |     1 ||     1
  Use: Scroll            |     1 |     3 ||     4
  Eat: Chunk             |     6 |     2 ||     8
Armor: Robe              |    38 |     2 ||    40
Dodge: Dodged            |   130 |    26 ||   156

Vanquished Creatures (collateral kills)
  2 gnolls (D:3)
  An ooze (D:2)
  4 worms (D:2)
  4 dart slugs
  4 leopard geckos (D:1)
  2 ball pythons (D:2)
  8 bats
  3 giant cockroaches (D:1)
  14 goblins
  5 hobgoblins (D:1)
  3 jackals (D:2)
  5 kobolds
  A quokka (D:2)
  2 frilled lizards
  12 rats
70 creatures vanquished.
